 Dungeon Crawl Stone Soup version 0.24-a0-443-g80245de385 (webtiles) character file.

Game seed: 13819570162942580046

212 SkaryMonk the Caller (level 5, 0/33 HPs)
             Began as an Octopode Summoner on June 21, 2019.
             Hit by a stone thrown by an orc warrior (7 damage)
             ... on level 4 of the Dungeon.
             The game lasted 00:10:40 (2701 turns).

SkaryMonk the Caller (Octopode Summoner)            Turns: 2701, Time: 00:10:41

Health: 0/33       AC:  1    Str:  7    XL:     5   Next: 90%
Magic:  0/9        EV: 14    Int: 19    God:
Gold:   173        SH:  0    Dex: 12    Spells: 0/9 levels left

rFire    . . .     SeeInvis .   v - +2 trident (holy)
rCold    . . .     Gourm    .   (no shield)
rNeg     . . .     Faith    .   (helmet restricted)
rPois    .         Spirit   +   n - amulet of guardian spirit
rElec    .         Reflect  .   h - ring of flight
rCorr    .         Harm     .   r - ring of teleportation (curse)
MR       .....     Rnd*Tele +   (no ring)
Stlth    +++.......             (no ring)
HPRegen  0.11/turn              (no ring)
MPRegen  0.11/turn              (no ring)
                                (no ring)
                                (no ring)

@: no status effects
A: almost no armour, stealthy swim, amphibious, 8 rings, constrict 8, camouflage
1, gelatinous body 1
a: Evoke Flight


You were on level 4 of the Dungeon.
You were hungry.

You visited 1 branch of the dungeon, and saw 4 of its levels.

You collected 173 gold pieces.

Inventory:

Hand Weapons
 a - a +0 spear
 d - a +1 whip of freezing
 v - a +2 trident of holy wrath (weapon)
Jewellery
 h - a ring of flight (left tentacle)
 n - an amulet of guardian spirit (around mantle)
 r - a cursed ring of teleportation (right tentacle)
 u - an uncursed ring of stealth {unknown}
Scrolls
 c - 3 scrolls of magic mapping
 g - a scroll of immolation
 j - a scroll of fear {unknown}
 l - a scroll of enchant weapon {unknown}
 m - a scroll of remove curse {unknown}
 p - a scroll of noise {unknown}
 t - a scroll of fog {unknown}
Potions
 e - 4 potions of curing
 f - a potion of berserk rage {unknown}
 i - 2 potions of degeneration {unknown}
 k - 2 potions of resistance
 o - a potion of haste {unknown}
 s - a potion of heal wounds {unknown}
Comestibles
 b - 3 rations
 q - 9 chunks of flesh


   Skills:
 - Level 1.2 Fighting
 - Level 1.4 Polearms
 - Level 2.8 Dodging
 - Level 4.0 Stealth
 - Level 2.7 Spellcasting
 + Level 1.4 Hexes
 + Level 4.9 Summonings


You couldn't memorise any spells.
You knew the following spells:

 Your Spells              Type           Power        Failure   Level  Hunger
a - Summon Small Mammal   Summ           ###.         1%          1    None
b - Call Imp              Summ           ###.....     3%          2    ##.....
c - Call Canine Familiar  Summ           ###.....     6%          3    ###....
d - Summon Guardian Gole  Hex/Summ       ##......     13%         3    ###....

Your spell library contained the following spells:

 Spells                   Type           Power        Failure   Level  Hunger
 Summon Ice Beast         Ice/Summ       ##......     50%         4    ####...
 Summon Lightning Spire   Summ/Air       ##......     50%         4    ####...


Dungeon Overview and Level Annotations

Branches:
Dungeon (4/15)
 Temple: D:4-7

Altars:
Makhleb


Innate Abilities, Weirdness & Mutations

You cannot wear most types of armour.
You are very stealthy in the water. (Stealth+)
You are amphibious.
You can wear up to eight rings at the same time.
You can use your tentacles to constrict eight enemies at once.
Your skin changes colour to match your surroundings (Stealth+).
Your rubbery body absorbs attacks. (AC +1, EV +1)


Message History

Your hound barely misses the orc.
The orc warrior throws a stone.
The stone hits you!
The orc hits your hound with a +0 trident.
Your hound dies!
Your hound's corpse disappears in a puff of smoke!
Your crimson imp barely misses the orc warrior.
You see here a stone.
The orc warrior throws a stone.
The stone hits your guardian golem!
Your crimson imp hits the orc warrior but does no damage.
Casting: Summon Guardian Golem (safe; 13% risk of failure)
Confirm with . or Enter, or press ? or * to list all spells.
Okay, then.
The orc warrior throws a stone.
The stone hits you!
* * * LOW HITPOINT WARNING * * *
The orc barely misses your guardian golem.
Your crimson imp hits the orc warrior but does no damage.
You see here a stone.
It was a potion of curing.
You feel better.
The orc warrior throws a stone.
The stone hits you!
You die...

#.... ##### #....##
###...#
#....######.>#.##
.[..5..##.....###### #
#oo...####.#....... #.
#8....# ###....###.
#..#.((..# #.>..#####.
##........###.)..###.#.
#.....@...##.<...))....
##....#....#....##[....
#..............##......
#.......#....#..###.....
....##.......#### ##....
#.#. #.........# ##....
#.# .....###...# ##....#
..... ##.####....##
.....###....#.#.###.


You could see an orc warrior, an orc, a friendly guardian golem and a friendly
crimson imp.

Vanquished Creatures
  An orc priest (D:4)
  A hound (D:4)
  A worker ant (D:4)
  A dart slug (D:2)
  2 leopard geckos
  5 orcs
  A ball python (D:4)
  A bat (D:1)
  A jackal skeleton (D:4)
  A kobold (D:1)
  2 rats (D:2)
17 creatures vanquished.

Vanquished Creatures (collateral kills)
  2 orc priests (D:3)
  An orc wizard (D:3)
  Terence (D:2)
  4 adders
  A gnoll (D:1)
  An adder skeleton (D:4)
  2 worms (D:3)
  2 dart slugs (D:1)
  A leopard gecko (D:2)
  7 orcs
  2 giant cockroaches
  7 goblins
  9 hobgoblins
  A ball python (D:1)
  5 bats
  4 frilled lizards
  4 kobolds
  6 rats
60 creatures vanquished.

Grand Total: 77 creatures vanquished

Notes
Turn   | Place    | Note
-------+----------+-------------------------------------------
     0 | D:1      | SkaryMonk the Octopode Summoner began the quest for the
                  | Orb.
     0 | D:1      | Reached XP level 1. HP: 11/11 MP: 3/3
   133 | D:1      | Reached XP level 2. HP: 6/17 MP: 1/5
   422 | D:1      | Learned a level 2 spell: Call Imp
   885 | D:2      | Reached XP level 3. HP: 21/21 MP: 2/6
   895 | D:2      | Noticed Terence
   901 | D:2      | Learned a level 3 spell: Call Canine Familiar
   938 | D:2      | Killed Terence
  1347 | D:2      | Reached XP level 4. HP: 27/27 MP: 3/7
  1743 | D:3      | Reached skill level 1 in Polearms
  1979 | D:3      | Reached skill level 1 in Fighting
  1983 | D:3      | Reached XP level 5. HP: 33/33 MP: 4/9
  2459 | D:3      | Learned a level 3 spell: Summon Guardian Golem
  2589 | D:4      | Reached skill level 1 in Hexes
  2619 | D:4      | Found a burning altar of Makhleb.
  2688 | D:4      | Noticed an orc warrior
  2701 | D:4      | Hit by a stone thrown by an orc warrior

Levels and vault maps discovered:
D:1:      dpeg_arrival_pits, layout_rooms
D:2:      layout_basic, chequers_serial_rivers_micro_d, uniq_terence
D:3:      layout_loops_ring, grunt_ministairs_8
D:4:      minmay_chambers_of_fours, layout_cave_pools,
          grunt_temple_overflow_open, first_ration

Skill      XL: |  1  2  3  4  5 |
---------------+----------------+-----
Stealth        | 3 4 |  4.0
Polearms       | 1 |  1.4
Fighting       | 1 |  1.2
Hexes          | 1 |  1.4
Dodging        | |  2.8
Spellcasting   | |  2.7
Summonings     | |  4.9

Action                   |  1- 3 |  4- 6 || total
-------------------------+-------+-------++-------
Melee: Unarmed           |     7 |       ||     7
       Constrict         |     5 |     3 ||     8
       Whip              |     8 |       ||     8
       Tentacles         |     1 |       ||     1
       Spear             |     4 |    28 ||    32
       Trident           |       |    16 ||    16
 Cast: Summon Small Mamm |    39 |       ||    39
       Call Imp          |     2 |     2 ||     4
       Call Canine Famil |     6 |    17 ||    23
       Summon Guardian G |       |     1 ||     1
  Use: Scroll            |     2 |     1 ||     3
       Potion            |       |     1 ||     1
  Eat: Chunk             |     2 |     6 ||     8
Armor: Skin              |     3 |     1 ||     4
Dodge: Dodged            |    13 |    10 ||    23

Table legend:
 A = Non-vault XP
 B = Vault XP
 C = Vault XP percentage of total XP
 D = Non-vault monster count
 E = Vault monster count
 F = Vault count percentage of total count
                 A         B        C        D         E       F
            +---------+---------+-------+---------+---------+-------
      Total |     236 |      68 |  22.4 |      70 |       7 |   9.1
            +---------+---------+-------+---------+---------+-------
        D:1 |      30 |       0 |   0.0 |      22 |       0 |   0.0
        D:2 |      37 |      18 |  32.7 |      19 |       1 |   5.0
        D:3 |      70 |      50 |  41.7 |      17 |       6 |  26.1
        D:4 |      99 |       0 |   0.0 |      12 |       0 |   0.0
            +---------+---------+-------+---------+---------+-------
